| Goals | Penalties |
1. Condors , James Hamblin 21 (Walker Duehr 24) at 19:27
|
No Penalty
|
2. Roadrunners , Trey Fix-Wolansky 4 (Julien Gauthier 39) at 1:10
3. Roadrunners , Bobby Brink 25 (Rem Pitlick 29) at 3:21 (PP)
4. Roadrunners , Rem Pitlick 32 (Bobby Brink 46, Colin White 43) at 5:24 (PP)
|
Hunter McKown (EDM) for Tripping (Minor) at 1:29 Luke Toporowski (EDM) for Cross-checking (Minor) at 4:27
|
No Goal
|
No Penalty
|
|
Garrett Metcalf (PHO), 7 saves from 8 shots - (0,875), W, 14-4-4, 60:00 minutes
Akira Schmid (EDM), 10 saves from 13 shots - (0,769), L, 28-24-8, 60:00 minutes
|
|
1 - Bobby Brink (PHO)
2 - Rem Pitlick (PHO)
3 - Trey Fix-Wolansky (PHO)
|
Referees : Edward Grudzinski and Cody Beach
Linesman : Nikoleta Celarova and Lisa Linnek
|
|
| No Game Note
|
| Team Name |
Goals |
Shots |
Shots Attemp |
Shots Blocked |
PIM |
HIT |
PP |
PK |
FO% |
| Roadrunners |
3 | 13 | 36 | 3 | 0 | 12 | 2 / 2 (100%) | 0 | 39% |
| Condors |
1 | 8 | 14 | 10 | 4 | 15 | 0 / 0 (0% | 2 | 61% |
Roadrunners
| Player Name |
POS |
G |
A |
P |
+/- |
PIM |
HIT |
SHT |
SB |
MP |
PP MP |
PP SHT |
PK MP |
PK SHT |
FO% |
FOT |
GA |
TA |
| Bobby Brink | RW | 1 | 1 | 2 | 0 | 0 | 3 | 2 | 0 | 19:45 | 1:20 | 2 | 0:00 | 0 | 0% |
1 | 1 | 0 |
| Cam Dineen | D | 0 | 0 | 0 | 0 | 0 | 0 | 0 | 0 | 14:41 | 0:14 | 0 | 0:00 | 0 | 0% |
0 | 0 | 0 |
| Colin White | C/RW | 0 | 1 | 1 | 1 | 0 | 1 | 2 | 0 | 22:01 | 2:35 | 1 | 0:00 | 0 | 38% |
13 | 1 | 0 |
| Ethan Cardwell | RW | 0 | 0 | 0 | 0 | 0 | 0 | 0 | 0 | 8:41 | 0:00 | 0 | 0:00 | 0 | 0% |
0 | 1 | 0 |
| Ethan Frisch | D | 0 | 0 | 0 | 0 | 0 | 0 | 0 | 0 | 3:42 | 0:00 | 0 | 0:00 | 0 | 0% |
0 | 0 | 0 |
| Fredrik Karlstrom | C | 0 | 0 | 0 | 0 | 0 | 0 | 1 | 0 | 16:48 | 0:00 | 0 | 0:00 | 0 | 60% |
5 | 0 | 1 |
| Josh Doan | RW | 0 | 0 | 0 | 0 | 0 | 0 | 0 | 0 | 0:08 | 0:00 | 0 | 0:00 | 0 | 0% |
0 | 0 | 0 |
| Julien Gauthier | RW | 0 | 1 | 1 | 0 | 0 | 2 | 2 | 0 | 20:15 | 1:29 | 1 | 0:00 | 0 | 0% |
1 | 0 | 0 |
| Kale Clague | D | 0 | 0 | 0 | 1 | 0 | 0 | 0 | 2 | 23:21 | 0:00 | 0 | 0:00 | 0 | 0% |
0 | 0 | 0 |
| Linus Karlsson | RW | 0 | 0 | 0 | 0 | 0 | 2 | 0 | 0 | 16:14 | 0:00 | 0 | 0:00 | 0 | 0% |
0 | 1 | 0 |
| Mac Hollowell | D | 0 | 0 | 0 | 0 | 0 | 0 | 0 | 0 | 15:27 | 0:00 | 0 | 0:00 | 0 | 0% |
0 | 0 | 0 |
| Nick Abruzzese | C/LW | 0 | 0 | 0 | -1 | 0 | 1 | 1 | 1 | 18:45 | 1:29 | 0 | 0:00 | 0 | 0% |
1 | 0 | 1 |
| Nikita Novikov | D | 0 | 0 | 0 | -1 | 0 | 0 | 0 | 0 | 20:48 | 2:35 | 0 | 0:00 | 0 | 0% |
0 | 0 | 0 |
| Reilly Walsh | D | 0 | 0 | 0 | -1 | 0 | 0 | 2 | 0 | 25:19 | 2:35 | 2 | 0:00 | 0 | 0% |
0 | 0 | 0 |
| Rem Pitlick | LW/RW | 1 | 1 | 2 | 0 | 0 | 1 | 1 | 0 | 19:48 | 1:20 | 1 | 0:00 | 0 | 100% |
1 | 0 | 0 |
| Stanislav Svozil | D | 0 | 0 | 0 | 1 | 0 | 0 | 0 | 0 | 19:32 | 0:14 | 0 | 0:00 | 0 | 0% |
0 | 0 | 0 |
| Trey Fix-Wolansky | RW | 1 | 0 | 1 | 1 | 0 | 1 | 2 | 0 | 15:07 | 0:14 | 0 | 0:00 | 0 | 0% |
1 | 0 | 0 |
| William Eklund | LW | 0 | 0 | 0 | -1 | 0 | 1 | 0 | 0 | 19:38 | 0:00 | 0 | 0:00 | 0 | 40% |
5 | 1 | 0 |
Condors
| Player Name |
POS |
G |
A |
P |
+/- |
PIM |
HIT |
SHT |
SB |
MP |
PP MP |
PP SHT |
PK MP |
PK SHT |
FO% |
FOT |
GA |
TA |
| Andre Lee | C/LW | 0 | 0 | 0 | -1 | 0 | 1 | 0 | 2 | 18:58 | 0:00 | 0 | 0:58 | 0 | 0% |
0 | 0 | 0 |
| Avery Hayes | RW | 0 | 0 | 0 | -1 | 0 | 0 | 1 | 0 | 16:15 | 0:00 | 0 | 0:00 | 0 | 100% |
1 | 0 | 0 |
| Brandon Scanlin | D | 0 | 0 | 0 | 0 | 0 | 0 | 0 | 1 | 17:52 | 0:00 | 0 | 1:06 | 0 | 0% |
0 | 0 | 1 |
| Brayden Pachal | D | 0 | 0 | 0 | 1 | 0 | 1 | 0 | 1 | 21:11 | 0:00 | 0 | 0:00 | 0 | 0% |
0 | 0 | 0 |
| Cole Fonstad | LW | 0 | 0 | 0 | 1 | 0 | 0 | 2 | 2 | 18:51 | 0:00 | 0 | 0:00 | 0 | 0% |
0 | 0 | 0 |
| Emilio Pettersen | C | 0 | 0 | 0 | 0 | 0 | 0 | 0 | 0 | 18:02 | 0:00 | 0 | 0:00 | 0 | 33% |
3 | 0 | 0 |
| Hunter McKown | C | 0 | 0 | 0 | -1 | 2 | 0 | 0 | 0 | 16:46 | 0:00 | 0 | 0:00 | 0 | 100% |
3 | 0 | 0 |
| Jack St. Ivany | D | 0 | 0 | 0 | 0 | 0 | 0 | 0 | 0 | 12:56 | 0:00 | 0 | 1:43 | 0 | 0% |
0 | 0 | 0 |
| James Hamblin | C/RW | 1 | 0 | 1 | 1 | 0 | 1 | 2 | 1 | 21:25 | 0:00 | 0 | 1:51 | 1 | 64% |
14 | 2 | 1 |
| Jonathan Aspirot | D | 0 | 0 | 0 | 0 | 0 | 2 | 0 | 1 | 5:39 | 0:00 | 0 | 1:06 | 0 | 0% |
0 | 0 | 0 |
| Kurtis MacDermid | D | 0 | 0 | 0 | 0 | 0 | 2 | 0 | 0 | 17:12 | 0:00 | 0 | 0:00 | 0 | 0% |
0 | 0 | 0 |
| Luke Toporowski | LW | 0 | 0 | 0 | 0 | 2 | 3 | 0 | 0 | 16:10 | 0:00 | 0 | 0:00 | 0 | 0% |
0 | 0 | 0 |
| Nick Blankenburg | D | 0 | 0 | 0 | 1 | 0 | 1 | 0 | 2 | 19:13 | 0:00 | 0 | 1:43 | 0 | 0% |
0 | 0 | 1 |
| Nick Wolff | D | 0 | 0 | 0 | -1 | 0 | 0 | 0 | 0 | 12:12 | 0:00 | 0 | 0:00 | 0 | 0% |
0 | 0 | 1 |
| Nikolai Knyzhov | D | 0 | 0 | 0 | 0 | 0 | 0 | 0 | 0 | 12:00 | 0:00 | 0 | 0:00 | 0 | 0% |
0 | 0 | 1 |
| Tristen Nielsen | C | 0 | 0 | 0 | 0 | 0 | 1 | 0 | 0 | 14:48 | 0:00 | 0 | 0:58 | 0 | 0% |
0 | 0 | 0 |
| Ville Ottavainen | D | 0 | 0 | 0 | -1 | 0 | 2 | 0 | 0 | 15:09 | 0:00 | 0 | 0:00 | 0 | 0% |
0 | 0 | 0 |
| Walker Duehr | RW | 0 | 1 | 1 | 1 | 0 | 1 | 3 | 0 | 22:30 | 0:00 | 0 | 1:51 | 0 | 43% |
7 | 0 | 0 |
Roadrunners
| 5 vs 5 Forward |
|---|
| Line # | Left Wing | Center | Right Wing | PHY | DF | OF | Wanted % | Time % | Time Play |
| 1 | Rem Pitlick | Colin White | Bobby Brink | 1 | 2 | 2 | 40 | 33% | 18:55
|
| 2 | Nick Abruzzese | William Eklund | Julien Gauthier | 1 | 2 | 2 | 30 | 28% | 16:09
|
| 3 | William Eklund | Fredrik Karlstrom | Linus Karlsson | 1 | 2 | 2 | 20 | 24% | 13:54
|
| 4 | Julien Gauthier | Colin White | Trey Fix-Wolansky | 1 | 2 | 2 | 10 | 14% | 8:13
|
| 5 vs 5 Defense |
|---|
| Line # | Defense | Defense | | PHY | DF | OF | Wanted % | Time % | Time Play |
| 1 | Reilly Walsh | Kale Clague | | 1 | 3 | 1 | 40 | 26% | 14:47
|
| 2 | Reilly Walsh | Nikita Novikov | | 2 | 2 | 1 | 30 | 29% | 16:48
|
| 3 | Kale Clague | Stanislav Svozil | | 1 | 2 | 2 | 20 | 26% | 14:53
|
| 4 | Mac Hollowell | Reilly Walsh | | 1 | 2 | 2 | 10 | 19% | 10:43
|
| Power Play Forward |
|---|
| Line # | Left Wing | Center | Right Wing | PHY | DF | OF | Wanted % | Time % | Time Play |
| 1 | Rem Pitlick | Colin White | Bobby Brink | 0 | 1 | 4 | 60 | 47% | 1:20
|
| 2 | Nick Abruzzese | Colin White | Julien Gauthier | 0 | 1 | 4 | 40 | 53% | 1:29
|
| Power Play Defense |
|---|
| Line # | Defense | Defense | | PHY | DF | OF | Wanted % | Time % | Time Play |
| 1 | Reilly Walsh | Nikita Novikov | | 0 | 1 | 4 | 60 | 100% | 2:49
|
| 2 | Reilly Walsh | Nikita Novikov | | 0 | 1 | 4 | 40 | 0% | 0:00
|
| Penalty Kill 4 Players Forward |
|---|
| Line # | Center | Wing | PHY | DF | OF | Wanted % | Time % | Time Play |
| 1 | Colin White | Rem Pitlick | 1 | 3 | 1 | 60 | 0% | 0:00
|
| 2 | Colin White | Nick Abruzzese | 1 | 3 | 1 | 40 | 0% | 0:00
|
| Penalty Kill 4 Players Defense |
|---|
| Line # | Defense | Defense | PHY | DF | OF | Wanted % | Time % | Time Play |
| 1 | Reilly Walsh | Nikita Novikov | 2 | 3 | 0 | 60 | 0% | 0:00
|
| 2 | Reilly Walsh | Nikita Novikov | 2 | 3 | 0 | 40 | 0% | 0:00
|
| Penalty Kill 3 Players |
|---|
| Line # | Wing | PHY | DF | OF | Wanted % | Time % | Time Play | Defense | Defense | PHY | DF | OF | Wanted % | Time % | Time Play |
| 1 | Colin White | 0 | 5 | 0 | 60 | 0% | 0:00
| Reilly Walsh | Nikita Novikov | 1 | 4 | 0 | 60 | 0% | 0:00
|
| 2 | Rem Pitlick | 0 | 5 | 0 | 40 | 0% | 0:00
| Reilly Walsh | Nikita Novikov | 1 | 4 | 0 | 40 | 0% | 0:00
|
| 4 vs 4 Forward |
|---|
| Line # | Center | Wing | PHY | DF | OF | Wanted % | Time % | Time Play |
| 1 | Colin White | Rem Pitlick | 1 | 2 | 2 | 60 | 0% | 0:00
|
| 2 | Colin White | Nick Abruzzese | 1 | 2 | 2 | 40 | 0% | 0:00
|
| 4 vs 4 Defense |
|---|
| Line # | Defense | | PHY | DF | OF | Wanted % | Time % | Time Play |
| 1 | Reilly Walsh | Nikita Novikov | 1 | 2 | 2 | 60 | 0% | 0:00
|
| 2 | Reilly Walsh | Nikita Novikov | 1 | 2 | 2 | 40 | 0% | 0:00
|
| Last Minutes Offensive |
|---|
| Left Wing | Center | Right Wing | Defense | Defense |
| Rem Pitlick | Colin White | Bobby Brink | Reilly Walsh | Kale Clague |
| Last Minutes Defensive |
|---|
| Left Wing | Center | Right Wing | Defense | Defense |
| Rem Pitlick | Colin White | William Eklund | Reilly Walsh | Kale Clague |
| Time |
|---|
| Total Forward | Total Defense | Last Minutes Offensive | Last Minutes Defensive |
| 60:00 |
60:00 |
0:00 | 0:00 |
| Extra Forwards |
|---|
| Normal | PowerPlay | Penalty Kill |
|
Trey Fix-Wolansky, Colin White, Linus Karlsson | Trey Fix-Wolansky, Rem Pitlick | Trey Fix-Wolansky |
| Extra Defensemen |
|---|
| Normal | PowerPlay | Penalty Kill |
|
Stanislav Svozil, Mac Hollowell, Reilly Walsh | Stanislav Svozil, Stanislav Svozil | Mac Hollowell |
| Penalty Shots |
|---|
|
Colin White, Julien Gauthier, Rem Pitlick, Bobby Brink, Trey Fix-Wolansky |
| Goalie |
|---|
| Garrett Metcalf, Darion Hanson |
| Scratches |
|---|
|
Domenick Fensore (Healthy), Eetu Liukas (Healthy), Marat Khusnutdinov (Healthy), Marco Kasper (Healthy), Matthew Maggio (Healthy)
Nikita Chibrikov (Healthy), Jake Massie (Healthy), Roni Hirvonen (Healthy), Trevor Kuntar (Healthy), Angus Crookshank (Healthy)
Brayden Tracey (Healthy), Evan Barratt (Healthy), Griffin Luce (Healthy), Jamieson Rees (Healthy), Ryan O'Rourke (Healthy)
Grant Mismash (Healthy), Brad Lambert (Healthy), Brendan Brisson (Healthy), Karl Henriksson (Healthy), Samuel Knazko (Healthy)
Daniil Chechelev (Healthy) |
Condors
| 5 vs 5 Forward |
|---|
| Line # | Left Wing | Center | Right Wing | PHY | DF | OF | Wanted % | Time % | Time Play |
| 1 | Cole Fonstad | James Hamblin | Walker Duehr | 1 | 2 | 2 | 40 | 35% | 20:12
|
| 2 | Luke Toporowski | Emilio Pettersen | Walker Duehr | 1 | 2 | 2 | 30 | 32% | 18:26
|
| 3 | Andre Lee | Hunter McKown | Avery Hayes | 1 | 2 | 2 | 20 | 21% | 11:55
|
| 4 | Andre Lee | Emilio Pettersen | Hunter McKown | 1 | 2 | 2 | 10 | 12% | 6:38
|
| 5 vs 5 Defense |
|---|
| Line # | Defense | Defense | | PHY | DF | OF | Wanted % | Time % | Time Play |
| 1 | Brayden Pachal | Nick Blankenburg | | 1 | 2 | 2 | 40 | 31% | 17:30
|
| 2 | Brandon Scanlin | Kurtis MacDermid | | 1 | 2 | 2 | 30 | 29% | 16:46
|
| 3 | Ville Ottavainen | Nick Wolff | | 1 | 2 | 2 | 20 | 20% | 11:42
|
| 4 | Jack St. Ivany | Nikolai Knyzhov | | 1 | 2 | 2 | 10 | 20% | 11:13
|
| Power Play Forward |
|---|
| Line # | Left Wing | Center | Right Wing | PHY | DF | OF | Wanted % | Time % | Time Play |
| 1 | Cole Fonstad | James Hamblin | Walker Duehr | 1 | 2 | 2 | 60 | 0% | 0:00
|
| 2 | Luke Toporowski | Tristen Nielsen | Walker Duehr | 1 | 2 | 2 | 40 | 0% | 0:00
|
| Power Play Defense |
|---|
| Line # | Defense | Defense | | PHY | DF | OF | Wanted % | Time % | Time Play |
| 1 | Brayden Pachal | Nick Blankenburg | | 1 | 2 | 2 | 60 | 0% | 0:00
|
| 2 | Brandon Scanlin | Kurtis MacDermid | | 1 | 2 | 2 | 40 | 0% | 0:00
|
| Penalty Kill 4 Players Forward |
|---|
| Line # | Center | Wing | PHY | DF | OF | Wanted % | Time % | Time Play |
| 1 | Walker Duehr | James Hamblin | 1 | 2 | 2 | 60 | 66% | 1:51
|
| 2 | Tristen Nielsen | Hunter McKown | 1 | 2 | 2 | 40 | 34% | 0:58
|
| Penalty Kill 4 Players Defense |
|---|
| Line # | Defense | Defense | PHY | DF | OF | Wanted % | Time % | Time Play |
| 1 | Jack St. Ivany | Nick Blankenburg | 1 | 2 | 2 | 60 | 61% | 1:43
|
| 2 | Brandon Scanlin | Jonathan Aspirot | 1 | 2 | 2 | 40 | 39% | 1:06
|
| Penalty Kill 3 Players |
|---|
| Line # | Wing | PHY | DF | OF | Wanted % | Time % | Time Play | Defense | Defense | PHY | DF | OF | Wanted % | Time % | Time Play |
| 1 | Emilio Pettersen | 1 | 2 | 2 | 60 | 0% | 0:00
| Brayden Pachal | Nick Blankenburg | 1 | 2 | 2 | 60 | 0% | 0:00
|
| 2 | Andre Lee | 1 | 2 | 2 | 40 | 0% | 0:00
| Brandon Scanlin | Jonathan Aspirot | 1 | 2 | 2 | 40 | 0% | 0:00
|
| 4 vs 4 Forward |
|---|
| Line # | Center | Wing | PHY | DF | OF | Wanted % | Time % | Time Play |
| 1 | Walker Duehr | James Hamblin | 1 | 2 | 2 | 60 | 0% | 0:00
|
| 2 | Tristen Nielsen | Hunter McKown | 1 | 2 | 2 | 40 | 0% | 0:00
|
| 4 vs 4 Defense |
|---|
| Line # | Defense | | PHY | DF | OF | Wanted % | Time % | Time Play |
| 1 | Brayden Pachal | Nick Blankenburg | 1 | 2 | 2 | 60 | 0% | 0:00
|
| 2 | Brandon Scanlin | Kurtis MacDermid | 1 | 2 | 2 | 40 | 0% | 0:00
|
| Last Minutes Offensive |
|---|
| Left Wing | Center | Right Wing | Defense | Defense |
| Cole Fonstad | James Hamblin | Walker Duehr | Brayden Pachal | Nick Blankenburg |
| Last Minutes Defensive |
|---|
| Left Wing | Center | Right Wing | Defense | Defense |
| Cole Fonstad | Tristen Nielsen | Avery Hayes | Kurtis MacDermid | Jack St. Ivany |
| Time |
|---|
| Total Forward | Total Defense | Last Minutes Offensive | Last Minutes Defensive |
| 60:00 |
60:00 |
0:00 | 0:00 |
| Extra Forwards |
|---|
| Normal | PowerPlay | Penalty Kill |
|
Tristen Nielsen, Emilio Pettersen, Andre Lee | Tristen Nielsen, Emilio Pettersen | Andre Lee |
| Extra Defensemen |
|---|
| Normal | PowerPlay | Penalty Kill |
|
Kurtis MacDermid, Ville Ottavainen, Nick Wolff | Kurtis MacDermid, Ville Ottavainen | Nick Wolff |
| Penalty Shots |
|---|
|
Walker Duehr, James Hamblin, Luke Toporowski, Hunter McKown, Emilio Pettersen |
| Goalie |
|---|
| Akira Schmid, Hunter Shepard |
| Scratches |
|---|
|
Aidan Fulp (Healthy), Alexander True (Healthy), Connor Bunnaman (Healthy), Zack Hayes (Healthy), Patrick Giles (Healthy)
Cole Krygier (Healthy), Filip Roos (Healthy), Jordan Frasca (Healthy), Navrin Mutter (Healthy), Cooper Black (Healthy)
Yaniv Perets (Healthy), Pavel Cajan (Healthy) |
Play-by-Play
1st period
0:01 of 1st period - Colin White wins face-off versus James Hamblin in neutral zone.
0:04 of 1st period - Walker Duehr is hit by Colin White and loses puck.
0:15 of 1st period - Snap shot by Colin White.
0:15 of 1st period - Stopped by Akira Schmid without a rebound.
0:16 of 1st period - William Eklund wins face-off versus Emilio Pettersen in Condors zone.
0:42 of 1st period - Nikita Novikov is hit by Kurtis MacDermid and loses puck.
0:49 of 1st period - Snap shot by Kale Clague.
0:49 of 1st period - Shot Misses the Net.
1:33 of 1st period - Mac Hollowell is hit by Ville Ottavainen.
2:14 of 1st period - Wrist shot by Fredrik Karlstrom.
2:14 of 1st period - Stopped by Akira Schmid without a rebound.
2:15 of 1st period - Hunter McKown wins face-off versus Colin White in Condors zone.
2:26 of 1st period - Snap shot by Walker Duehr.
2:26 of 1st period - Shot Misses the Net.
2:28 of 1st period - Wrist shot by Walker Duehr.
2:28 of 1st period - Stopped by Garrett Metcalf with a rebound.
2:30 of 1st period - Snap shot by Walker Duehr.
2:30 of 1st period - Stopped by Garrett Metcalf with a rebound.
2:40 of 1st period - Emilio Pettersen is hit by Bobby Brink and loses puck.
3:13 of 1st period - Colin White is hit by Tristen Nielsen and loses puck.
5:43 of 1st period - Cole Fonstad is hit by William Eklund and loses puck.
6:10 of 1st period - Julien Gauthier is hit by Luke Toporowski and loses puck.
7:26 of 1st period - James Hamblin is hit by Rem Pitlick and loses puck.
11:22 of 1st period - James Hamblin is hit by Linus Karlsson and loses puck.
11:54 of 1st period - Icing by Nick Abruzzese.
11:55 of 1st period - Emilio Pettersen wins face-off versus Colin White in Roadrunners zone.
12:15 of 1st period - Snap shot by Cole Fonstad.
12:15 of 1st period - Shot Blocked by Nick Abruzzese.
14:54 of 1st period - Ethan Cardwell is hit by Walker Duehr and loses puck.
14:58 of 1st period - Icing by Kale Clague.
14:59 of 1st period - James Hamblin wins face-off versus Nick Abruzzese in Roadrunners zone.
16:51 of 1st period - James Hamblin is hit by Linus Karlsson and loses puck.
18:58 of 1st period - Icing by Bobby Brink.
18:59 of 1st period - James Hamblin wins face-off versus Fredrik Karlstrom in Roadrunners zone.
19:13 of 1st period - Icing by Colin White.
19:14 of 1st period - Hunter McKown wins face-off versus Colin White in Roadrunners zone.
19:19 of 1st period - Snap shot by Avery Hayes.
19:19 of 1st period - Stopped by Garrett Metcalf without a rebound.
19:20 of 1st period - Walker Duehr wins face-off versus William Eklund in Roadrunners zone.
19:21 of 1st period - Wrist shot by Cole Fonstad.
19:21 of 1st period - Stopped by Garrett Metcalf without a rebound.
19:22 of 1st period - James Hamblin wins face-off versus William Eklund in Roadrunners zone.
19:27 of 1st period - Snap shot by James Hamblin.
19:27 of 1st period - Goal by James Hamblin - Roadrunners : 0 - Condors : 1.
19:28 of 1st period - James Hamblin wins face-off versus Colin White in neutral zone.
19:56 of 1st period - Snap shot by Bobby Brink.
19:56 of 1st period - Shot Blocked by Brayden Pachal.
19:58 of 1st period - Slapshot by Colin White.
19:58 of 1st period - Shot Blocked by Cole Fonstad.
Goals for this period are 0 for Roadrunners vs 1 for Condors.
Shots for this period are 2 for Roadrunners vs 5 for Condors.
2nd period
0:01 of 2nd period - James Hamblin wins face-off versus William Eklund in neutral zone.
0:08 of 2nd period - Wrist shot by Walker Duehr.
0:08 of 2nd period - Stopped by Garrett Metcalf with a rebound.
0:45 of 2nd period - Stanislav Svozil is hit by Brayden Pachal and loses puck.
1:08 of 2nd period - Wrist shot by Trey Fix-Wolansky.
1:08 of 2nd period - Shot Misses the Net.
1:10 of 2nd period - Wrist shot by Trey Fix-Wolansky.
1:10 of 2nd period - Goal by Trey Fix-Wolansky - Roadrunners : 1 - Condors : 1.
1:11 of 2nd period - William Eklund wins face-off versus James Hamblin in neutral zone.
1:14 of 2nd period - Slapshot by Reilly Walsh.
1:14 of 2nd period - Shot Misses the Net.
1:16 of 2nd period - Snap shot by Julien Gauthier.
1:16 of 2nd period - Shot Misses the Net.
1:18 of 2nd period - Slapshot by Reilly Walsh.
1:18 of 2nd period - Shot Misses the Net.
1:20 of 2nd period - Slapshot by Julien Gauthier.
1:20 of 2nd period - Stopped by Akira Schmid with a rebound.
1:22 of 2nd period - Snap shot by Nikita Novikov.
1:22 of 2nd period - Shot Blocked by Cole Fonstad.
1:26 of 2nd period - Slapshot by Nick Abruzzese.
1:26 of 2nd period - Stopped by Akira Schmid without a rebound.
1:27 of 2nd period - Hunter McKown wins face-off versus Colin White in Condors zone.
1:29 of 2nd period - Minor Penalty to Hunter McKown for Tripping.
1:30 of 2nd period - Colin White wins face-off versus Walker Duehr in Condors zone.
2:16 of 2nd period - Nick Abruzzese is hit by Andre Lee and loses puck.
2:27 of 2nd period - Snap shot by Nick Abruzzese.
2:27 of 2nd period - Shot Blocked by Jonathan Aspirot.
2:29 of 2nd period - Snap shot by Nick Abruzzese.
2:29 of 2nd period - Shot Misses the Net.
2:35 of 2nd period - Snap shot by Colin White.
2:35 of 2nd period - Shot Misses the Net.
2:53 of 2nd period - Snap shot by Julien Gauthier.
2:53 of 2nd period - Shot Blocked by Andre Lee.
2:55 of 2nd period - Snap shot by Julien Gauthier.
2:55 of 2nd period - Stopped by Akira Schmid with a rebound.
2:57 of 2nd period - Wrist shot by Nick Abruzzese.
2:57 of 2nd period - Shot Blocked by Andre Lee.
2:59 of 2nd period - Wrist shot by Reilly Walsh.
2:59 of 2nd period - Shot Blocked by Brandon Scanlin.
3:03 of 2nd period - Slapshot by Nick Abruzzese.
3:03 of 2nd period - Shot Misses the Net.
3:05 of 2nd period - Slapshot by Reilly Walsh.
3:05 of 2nd period - Stopped by Akira Schmid with a rebound.
3:07 of 2nd period - Slapshot by Nikita Novikov.
3:07 of 2nd period - Deflect By Nick Abruzzese.
3:07 of 2nd period - Shot Misses the Net.
3:07 of 2nd period - Puck is out of play.
3:08 of 2nd period - Walker Duehr wins face-off versus Trey Fix-Wolansky in Condors zone.
3:15 of 2nd period - Wrist shot by James Hamblin.
3:15 of 2nd period - Stopped by Garrett Metcalf with a rebound.
3:21 of 2nd period - Slapshot by Bobby Brink.
3:21 of 2nd period - Goal by Bobby Brink - Roadrunners : 2 - Condors : 1.
3:22 of 2nd period - Fredrik Karlstrom wins face-off versus James Hamblin in neutral zone.
3:29 of 2nd period - Off-side.
3:30 of 2nd period - Fredrik Karlstrom wins face-off versus James Hamblin in neutral zone.
3:41 of 2nd period - Slapshot by William Eklund.
3:41 of 2nd period - Shot Blocked by James Hamblin.
3:43 of 2nd period - Slapshot by Linus Karlsson.
3:43 of 2nd period - Shot Misses the Net.
3:45 of 2nd period - Snap shot by Linus Karlsson.
3:45 of 2nd period - Shot Blocked by Nick Blankenburg.
3:57 of 2nd period - Snap shot by Bobby Brink.
3:57 of 2nd period - Shot Misses the Net.
4:20 of 2nd period - Nikita Novikov is hit by Luke Toporowski and loses puck.
4:27 of 2nd period - Minor Penalty to Luke Toporowski for Cross-checking.
4:28 of 2nd period - Colin White wins face-off versus Walker Duehr in Condors zone.
4:31 of 2nd period - Snap shot by Bobby Brink.
4:31 of 2nd period - Stopped by Akira Schmid with a rebound.
4:33 of 2nd period - Wrist shot by Reilly Walsh.
4:33 of 2nd period - Stopped by Akira Schmid without a rebound.
4:34 of 2nd period - Rem Pitlick wins face-off versus Walker Duehr in Condors zone.
4:43 of 2nd period - Snap shot by Colin White.
4:43 of 2nd period - Stopped by Akira Schmid without a rebound.
4:44 of 2nd period - Walker Duehr wins face-off versus Colin White in Condors zone.
5:16 of 2nd period - Icing by Nikita Novikov.
5:17 of 2nd period - Colin White wins face-off versus Walker Duehr in Roadrunners zone.
5:24 of 2nd period - Snap shot by Bobby Brink.
5:24 of 2nd period - Deflect By Rem Pitlick.
5:24 of 2nd period - Goal by Rem Pitlick - Roadrunners : 3 - Condors : 1.
5:25 of 2nd period - James Hamblin wins face-off versus Colin White in neutral zone.
7:07 of 2nd period - Avery Hayes is hit by Trey Fix-Wolansky and loses puck.
7:20 of 2nd period - Mac Hollowell is hit by James Hamblin and loses puck.
7:37 of 2nd period - Snap shot by Bobby Brink.
7:37 of 2nd period - Shot Misses the Net.
14:16 of 2nd period - Tristen Nielsen is hit by Bobby Brink.
15:03 of 2nd period - Icing by Stanislav Svozil.
15:04 of 2nd period - Avery Hayes wins face-off versus Bobby Brink in Roadrunners zone.
19:26 of 2nd period - Nikita Novikov is hit by Kurtis MacDermid and loses puck.
Goals for this period are 3 for Roadrunners vs 0 for Condors.
Shots for this period are 10 for Roadrunners vs 2 for Condors.
3rd period
0:01 of 3rd period - James Hamblin wins face-off versus Julien Gauthier in neutral zone.
0:21 of 3rd period - Walker Duehr is hit by Julien Gauthier and loses puck.
0:29 of 3rd period - Icing by Brayden Pachal.
0:30 of 3rd period - Colin White wins face-off versus Emilio Pettersen in Condors zone.
0:31 of 3rd period - Wrist shot by Bobby Brink.
0:31 of 3rd period - Shot Blocked by Nick Blankenburg.
1:18 of 3rd period - Snap shot by Trey Fix-Wolansky.
1:18 of 3rd period - Stopped by Akira Schmid with a rebound.
1:20 of 3rd period - Wrist shot by Colin White.
1:20 of 3rd period - Shot Misses the Net.
2:25 of 3rd period - Icing by Nick Blankenburg.
2:26 of 3rd period - James Hamblin wins face-off versus Fredrik Karlstrom in Condors zone.
3:03 of 3rd period - Wrist shot by Cole Fonstad.
3:03 of 3rd period - Stopped by Garrett Metcalf without a rebound.
3:04 of 3rd period - James Hamblin wins face-off versus Colin White in Roadrunners zone.
3:05 of 3rd period - Wrist shot by Cole Fonstad.
3:05 of 3rd period - Shot Misses the Net.
3:07 of 3rd period - Slapshot by Nick Blankenburg.
3:07 of 3rd period - Shot Blocked by Kale Clague.
3:09 of 3rd period - Snap shot by Brayden Pachal.
3:09 of 3rd period - Shot Blocked by Kale Clague.
3:31 of 3rd period - Kurtis MacDermid is hit by Nick Abruzzese and loses puck.
3:38 of 3rd period - Julien Gauthier is hit by Ville Ottavainen and loses puck.
3:56 of 3rd period - Off-side.
3:57 of 3rd period - Fredrik Karlstrom wins face-off versus James Hamblin in neutral zone.
4:16 of 3rd period - Reilly Walsh is hit by Nick Blankenburg and loses puck.
5:30 of 3rd period - Slapshot by Cole Fonstad.
5:30 of 3rd period - Shot Misses the Net.
9:15 of 3rd period - Jonathan Aspirot is hit by Bobby Brink and loses puck.
11:21 of 3rd period - Hunter McKown is hit by Julien Gauthier and loses puck.
15:56 of 3rd period - Trey Fix-Wolansky is hit by Jonathan Aspirot and loses puck.
19:29 of 3rd period - Bobby Brink is hit by Jonathan Aspirot and loses puck.
19:56 of 3rd period - Kale Clague is hit by Luke Toporowski and loses puck.
Goals for this period are 0 for Roadrunners vs 0 for Condors.
Shots for this period are 1 for Roadrunners vs 1 for Condors.